 Dungeon Crawl Stone Soup version 0.29.1-4-g47bece8355 (webtiles) character file.

Game seed: 15980735278054657049

136 Descartes the Magician (level 4, -2/24 HPs)
             Began as a Deep Elf Wanderer on Dec 3, 2022.
             Slain by an iguana (11 damage)
             ... on level 4 of the Dungeon.
             The game lasted 00:05:55 (3605 turns).

Descartes the Magician (Deep Elf Wanderer)          Turns: 3605, Time: 00:05:56

Health: -2/24      AC:  3    Str:  5    XL:     4   Next: 98%
Magic:  1/11       EV: 12    Int: 22    God:
Gold:   155        SH:  0    Dex: 15    Spells: 5/10 levels left

rFire   . . .      SeeInvis .   l - +2 dagger (venom)
rCold   . . .      Faith    .   (no shield)
rNeg    . . .      Spirit   .   o - +0 robe "Uddad" {Rampage Regen+}
rPois   .          Reflect  .   t - +0 helmet
rElec   .          Harm     .   (no cloak)
rCorr   .          Rampage  +   (no gloves)
Will    .....                   (no boots)
Stlth   ++........              i - amulet of regeneration
HPRegen 1.68/turn               n - ring of flight
MPRegen 0.12/turn               (no ring)

@: flying
A: no striking features
a: no special abilities


You were on level 4 of the Dungeon.
You visited 1 branch of the dungeon, and saw 4 of its levels.

You collected 155 gold pieces.

Inventory:

Hand Weapons
 a - a +0 dagger
 l - a +2 dagger of venom (weapon)
Missiles
 r - 6 javelins
Armour
 o - the +0 robe "Uddad" (worn) {Rampage Regen+}
   (You found it on level 2 of the Dungeon)

   Regen:     It increases your rate of health regeneration.
   Rampage:   It bestows one free step when moving towards enemies.
 t - a +0 helmet (worn)
Magical Staves
 c - a staff of earth
Jewellery
 i - an amulet of regeneration (around neck)
 n - a ring of flight (left hand)
Wands
 d - a wand of polymorph (3) (quivered)
 p - a wand of light (10)
Scrolls
 f - a scroll of teleportation {unknown}
 h - 4 scrolls of identify {unknown}
 j - 2 scrolls of vulnerability {unknown}
 k - 2 scrolls of fear {unknown}
 m - 2 scrolls of noise {unknown}
Potions
 b - a potion of lignification
 e - 3 potions of curing {unknown}
 g - a potion of might {unknown}
 q - a potion of invisibility
 s - a potion of ambrosia {unknown}


   Skills:
 + Level 2.4 Dodging
 + Level 2.8 Stealth
 + Level 3.9 Spellcasting
 + Level 3.0 Conjurations
 - Level 3.2 Summonings
 + Level 1.8 Fire Magic
 + Level 0.2 Poison Magic
 + Level 2.1 Evocations


You had 5 spell levels left.
You knew the following spells:

 Your Spells              Type           Power      Damage    Failure   Level
a - Foxfire               Conj/Fire      60%        2x1d7     4%          1
b - Olgreb's Toxic Radia  Pois           5%         N/A       71%         4

Your spell library contained the following spells:

 Spells                   Type           Power      Damage    Failure   Level
 Summon Small Mammal      Summ           72%        N/A       3%          1
 Static Discharge         Conj/Air       11%        3-5/arc   9%          2
 Summon Guardian Golem    Hex/Summ       11%        N/A       17%         3
 Dazzling Flash           Conj/Hex       22%        N/A       19%         3
 Ozocubu's Refrigeration  Ice            2%         4d7       100%        7
 Ignition                 Fire           6%         3d4       100%        8


Dungeon Overview and Level Annotations

Branches:
Dungeon (4/15)
 Temple: D:4-7

Altars:
Ashenzari


Message History

Confirm with . or Enter, or press ? or * to list all spells.
You conjure some foxfire!
The foxfire hits the iguana but does no damage.
The iguana is lightly wounded.
The foxfire hits the endoplasm.
The endoplasm is severely wounded.
The iguana misses you.
The foxfire hits the endoplasm.
You kill the endoplasm!
Casting: Foxfire (safe; 4% risk of failure)
Confirm with . or Enter, or press ? or * to list all spells.
You conjure some foxfire!
The foxfire hits the iguana but does no damage.
The iguana is lightly wounded.
The iguana bites you!
Unknown command.
Unknown command.
Casting: Foxfire (safe; 4% risk of failure)
Confirm with . or Enter, or press ? or * to list all spells.
You conjure some foxfire!
The foxfire hits the iguana.
The iguana is moderately wounded.
The foxfire hits the iguana but does no damage.
The iguana is moderately wounded.
The iguana barely misses you.
The foxfire hits the iguana but does no damage.
The iguana is moderately wounded.
The foxfire hits the iguana but does no damage.
The iguana is moderately wounded.
The iguana bites you!
Ouch! That really hurt!
Unknown command.
Casting: Foxfire (safe; 4% risk of failure)
Confirm with . or Enter, or press ? or * to list all spells.
You conjure some foxfire!
The iguana bites you.
* * * LOW HITPOINT WARNING * * *
The foxfire hits the iguana.
The iguana is heavily wounded.
The foxfire hits the iguana but does no damage.
The iguana is heavily wounded.
The iguana bites you!
You die...

#... #(..
#...#####
#.......# .
#.......###..
#............
#.....ยง......
#....@.......
#.....l......
###..........
#.....)....
#..........
#..........
#........##
#........#


You could see an iguana.

Vanquished Creatures
  Robin (D:3)
  6 adders
  A worm (D:2)
  An orc (D:3)
  8 endoplasms
  2 giant cockroaches (D:1)
  13 goblins
  5 hobgoblins
  4 jackals (D:2)
  2 ball pythons
  6 bats
  3 frilled lizards
  6 kobolds
  7 rats
65 creatures vanquished.

Vanquished Creatures (others)
  272 foxfires
272 creatures vanquished.

Grand Total: 337 creatures vanquished

Notes
Turn   | Place    | Note
-------+----------+-------------------------------------------
     0 | D:1      | Descartes the Deep Elf Wanderer began the quest for the
                  | Orb.
     0 | D:1      | Descartes set off with the following items: a +0 dagger, a
                  | potion of lignification, a +0 robe, a wand of polymorph
                  | (3); and the following spells available to memorise: Summon
                  | Small Mammal, Foxfire, Static Discharge, Summon Guardian
                  | Golem, Dazzling Flash.
     0 | D:1      | Reached XP level 1. HP: 10/10 MP: 6/6
     2 | D:1      | Learned a level 1 spell: Foxfire
   484 | D:1      | Reached XP level 2. HP: 15/15 MP: 4/8
   532 | D:1      | Found a faded altar of an unknown god.
   533 | D:1      | Noticed a great orb of eyes
   534 | D:1      | Noticed an eye of devastation
   613 | D:1      | Noticed a golden eye
   640 | D:1      | Noticed a great orb of eyes
  1140 | D:2      | Reached skill level 1 in Fire Magic
  1289 | D:2      | Reached XP level 3. HP: 15/19 MP: 5/9
  1675 | D:2      | Found a broken altar of Ashenzari.
  1807 | D:2      | Identified the +0 robe "Uddad" {Rampage Regen+}
  2294 | D:3      | Noticed Robin
  2300 | D:3      | Killed Robin
  2304 | D:3      | Reached XP level 4. HP: 24/24 MP: 0/11
  3189 | D:3      | Learned a level 4 spell: Olgreb's Toxic Radiance
  3605 | D:4      | Slain by an iguana

Illustrated notes

Levels and vault maps discovered:
D:1:      heliophobic_arrival_ceremonial_halls, layout_rooms,
          hellmonk_ecumenical_altar_watching_god, amcnicky_mini_corridor_feature
D:2:      layout_loops_ring, basic_altar
D:3:      layout_basic, minmay_misc_feat_doors, uniq_robin
D:4:      layout_basic, uniq_menkaure

Skill      XL: |  1  2  3  4 |
---------------+-------------+-----
Fire Magic     | 1 |  1.8
Dodging        | 2 |  2.4
Stealth        | 2 |  2.8
Evocations     | 2 |  2.1
Conjurations   | 3 |  3.0
Spellcasting   | |  3.9
Summonings     | |  3.2
Poison Magic   | |  0.2

Action                   |  1- 3 |  4- 6 || total
-------------------------+-------+-------++-------
 Cast: Foxfire           |   106 |    62 ||   168
Armor: Robe              |     3 |     2 ||     5
Dodge: Dodged            |    11 |    14 ||    25
